 Dungeon Crawl Stone Soup version 0.16.1-51-g6203257 (webtiles) character file.

2259715 Miyamura the End of an Era (level 27, 269/269 (275) HPs)
             Began as a Green Draconian Wanderer on Aug 8, 2015.
             Was the Champion of Qazlal.
             Escaped with the Orb
             ... and 4 runes on Aug 10, 2015!
             The game lasted 05:44:08 (90228 turns).

Miyamura the End of an Era (DrWn)                  Turns: 90228, Time: 05:44:08

HP:   269/269 (275) AC: 22    Str: 15    XL:     27
MP:   52/52         EV: 28    Int: 22    God:    Qazlal [******]
Gold: 7434          SH: 43    Dex: 22    Spells: 5 memorised, 34 levels left

rFire  + . .     SeeInvis +     P - +9 broad axe (venom)
rCold  . . .     Clarity  .     (armour unavailable)
rNeg   + + .     SustAb   +     S - +18 shield of the gong {rElec rN+ MR+ EV-5}
rPois  +         Gourm    .     i - +3 hat of Pondering {ponderous, MR+ MP+10 Int+5}
rElec  +         Spirit   .     f - +2 cloak
rCorr  .         Warding  .     W - +1 pair of gloves {Dex+3}
rMut   .         Stasis   .     V - +0 pair of boots {run}
MR     +++++                    h - amulet of Vitality {Regen+ HP+15}
Stlth  +.........               K - ring of Shadows {Umbra +Inv rN+ SInv}
                                D - ring "Frirph" {SustAb rF+ MR+}

@: very slightly contaminated, wreathed by umbra, repel missiles, almost
entirely resistant to hostile enchantments, very unstealthy
A: breathe noxious fumes, unfitting armour, stinger 1, blurry vision 2, clever
1, poison resistance, weak 1, cold-blooded, AC +13
a: Breathe Noxious Fumes, Upheaval, Elemental Force, Disaster Area, Renounce
Religion, Evoke Invisibility
0: Orb of Zot
}: 4/15 runes: decaying, serpentine, slimy, silver


You escaped.
You worshipped Qazlal.
Qazlal was exalted by your worship.
You were not hungry.

You visited 11 branches of the dungeon, and saw 62 of its levels.
You visited the Abyss 1 time.
You visited 1 ziggurat, and saw 9 of its levels.
You also visited: Labyrinth, Sewer, Ice Cave, Volcano and Wizlab.

You collected 9840 gold pieces.
You spent 2406 gold pieces at shops.

Inventory:

Hand weapons
 P - a +9 broad axe of venom (weapon)
Missiles
 b - 4 throwing nets (quivered)
Armour
 f - a +2 cloak (worn)
 i - the +3 hat of Pondering (worn) {ponderous, MR+ MP+10 Int+5}
   (You bought it in a shop on level 4 of the Orcish Mines)

   It affects your intelligence (+5).
   It affects your resistance to hostile enchantments.
   It affects your magic capacity (+10).
 n - a +2 pair of boots of flying
 S - the +18 shield of the gong (worn) {rElec rN+ MR+ EV-5}
   (You found it on level 5 of the Snake Pit)

   It affects your evasion (-5).
   It insulates you from electricity.
   It protects you from negative energy.
   It affects your resistance to hostile enchantments.
 V - a +0 pair of boots of running (worn)
 W - a +1 pair of gloves of dexterity (worn)
Jewellery
 e - a +6 ring of protection
 h - the amulet of Vitality (around neck) {Regen+ HP+15}
   (You bought it in a shop on level 4 of the Orcish Mines)

   [amulet of regeneration]

   It affects your health (+15).
   It increases your rate of regeneration.
 m - the macabre finger necklace {Ward rN+}
   (You found it on level 3 of the Elven Halls)

   [amulet of warding]

   It may prevent the melee attacks of summoned creatures.
   It protects you from negative energy.
 y - a cursed ring of protection from cold
 D - the ring "Frirph" (left hand) {SustAb rF+ MR+}
   (You acquired it on level 4 of the Swamp)

   [ring of sustain abilities]

   It sustains your strength, intelligence and dexterity.
   It protects you from fire.
   It affects your resistance to hostile enchantments.
 K - the ring of Shadows (right hand) {Umbra +Inv rN+ SInv}
   (You found it on level 3 of the Elven Halls)

   [ring of invisibility]

   It protects you from negative energy.
   It enhances your eyesight.
   It lets you turn invisible.
 N - the amulet "Khehiq" {Clar Slay+2}
   (You found it on level 8 of a ziggurat)

   [amulet of clarity]

   It provides mental clarity.
   It affects your accuracy and damage with ranged weapons and melee attacks
   (+2).
 R - an uncursed ring of protection from fire
 X - an uncursed amulet of resist mutation
Magical devices
 a - a wand of cold (9)
 j - a wand of lightning (5)
 k - a wand of digging (16)
 v - a wand of teleportation (5)
 U - a wand of hasting (2)
Scrolls
 d - 6 scrolls of magic mapping
 l - 7 scrolls of fear
 p - 3 scrolls of teleportation
 q - 21 scrolls of remove curse
 s - a scroll of enchant armour
 t - a scroll of holy word
 x - 2 scrolls of blinking
 C - 3 scrolls of fog
 I - 3 scrolls of recharging
 J - 2 scrolls of identify
 L - 8 scrolls of enchant weapon
 M - 2 scrolls of summoning
Potions
 c - 10 potions of curing
 u - 2 potions of resistance
 w - 9 potions of restore abilities
 A - a potion of magic
 B - 2 potions of berserk rage
 E - 2 potions of might
 F - 3 potions of cancellation
 H - a potion of agility
 Y - 2 potions of brilliance
Miscellaneous
 r - a stone of tremors
 G - a fan of gales
 T - 3 phantom mirrors
 Z - a lamp of fire
Comestibles
 o - 6 royal jellies
 z - 15 meat rations


   Skills:
 + Level 23.8 Fighting
   Level 1.0 Long Blades
 + Level 21.2(21.5) Axes
   Level 7.1(15.8) Polearms
 - Level 2.1 Throwing
 + Level 20.5 Dodging
 - Level 1.0 Stealth
 + Level 21.9 Shields
 - Level 2.8 Unarmed Combat
 - Level 13.1 Spellcasting
 - Level 14.5 Transmutations
 - Level 14.3 Earth Magic
 + Level 25.7 Invocations
 - Level 8.8 Evocations


You had 34 spell levels left.
You knew the following spells:

 Your Spells              Type           Power        Failure   Level  Hunger
a - Sublimation of Blood  Necr           ##........   10%         2    None
b - Blink                 Tloc           N/A          10%         2    None
f - Statue Form           Trmt/Erth      ######...    1%          6    #####..
p - Poisonous Cloud       Conj/Pois/Air  ##........   100%        6    #####..
s - Swiftness             Chrm/Air       ##......     10%         2    None


Dungeon Overview and Level Annotations

Branches:
Dungeon (15/15)            Temple (1/1) D:5            Lair (8/8) D:11
  Swamp (5/5) Lair:3        Snake (5/5) Lair:3        Slime (6/6) Lair:8
    Orc (4/4) D:9             Elf (3/3) Orc:3        Vaults (5/5) D:14
  Crypt (0/3) Vaults:3     Depths (5/5) D:15            Zot (5/5) Depths:5

Altars:
Ashenzari
Cheibriados
Dithmenos
Elyvilon
Fedhas
Gozag
Kikubaaqudgha
Makhleb
Nemelex Xobeh
Okawaru
Qazlal
Ru
Sif Muna
Trog
Vehumet
Xom
Yredelemnul
Zin
The Shining One
Beogh

Shops:
D:5 *   D:7 :   D:13 *   Orc:4 =*[(   Elf:2 (   Vaults:1 (   Vaults:5 =

Portals:
Hell: Depths:1 Depths:2 Depths:3 Depths:4 Depths:5
Abyss: Depths:4
Pandemonium: Depths:1 Depths:2 Depths:3


Innate Abilities, Weirdness & Mutations

You can breathe blasts of noxious fumes.
Your lurid green scales are hard (AC +13).
Your body does not fit into most forms of armour.
Your tail ends in a poisonous barb.
Your system is resistant to poisons.
Your cold-blooded metabolism reacts poorly to cold.
Scrolls take you longer to read.
Your mind is acute. (Int +2)
You are weak. (Str -2)


Message History

BOUMMMMG!
You closely miss the hellwing.
The hellwing is almost dead.
You completely miss the hellwing.
The hellwing is severely wounded.
Unknown command.
You slash the hellwing!
You kill the hellwing!
Qazlal accepts your kill.
You slice the hellwing!!
You kill the hellwing!
Qazlal accepts your kill.
Unknown command.
No target in view!
Unknown command.
No target in view!
Unknown command.
You see here a +0 club.
There is a staircase leading out of the dungeon here.
You have escaped!

##################
#.............ยง[.#
#..............)@#
#................#
#.####################
.........#...........#
########.##.#######.##
#......#.##.#.......#
##.###.#.##.##########
.#.# #.#.............#
.#.###......#######.##


There were no monsters in sight!

Vanquished Creatures
  the royal jelly (Slime:6)
  3 pandemonium lords
  4 orbs of fire (Zot:5)
  10 ancient liches
  2 greater mummies (Zig:6)
  the Lernaean hydra (Swamp:5)
  Saint Roka (Depths:4)
  5 curse toes
  5 Killer Klowns
  10 golden dragons
  6 bone dragons
  3 electric golems
  A Hellbinder (WizLab)
  2 Brimstone Fiends
  18 tentacled monstrosities
  32 acid blobs
  7 quicksilver dragons
  5 titans
  28 Orb Guardians
  2 deep elf blademasters (Elf:3)
  4 Shadow Fiends
  9 liches
  27 tentacled starspawn (Abyss:1)
  2 deep elf master archers (Elf:3)
  An octopode crusher (Depths:4)
  4 Executioners
  11 sphinxes
  6 shadow dragons
  Agnes (Swamp:3)
  5 tengu reavers
  11 storm dragons
  Frances (D:15)
  2 daevas (Abyss:1)
  3 thorn hunters
  4 draconian monks
  Roxanne (D:15)
  14 azure jellies
  The ghost of Rider75 the Unseen, a mighty KoBe of Trog (Snake:3)
  11 greater nagas
  An azure jelly (shapeshifter) (Depths:3)
  61 large abominations
  Donald (Vaults:3)
  2 balrugs
  6 fire giants
  An iron dragon (Vaults:5)
  8 draconian scorchers
  2 cacodemons
  The ghost of North the Impaler, a powerful MfGl of Okawaru (Orc:4)
  10 frost giants
  12 deep elf sorcerers
  An orc warlord (Orc:4)
  2 draconian knights
  19 vault wardens
  4 emperor scorpions
  5 draconian zealots
  A ghost moth (Zot:2)
  5 angels (Abyss:1)
  2 caustic shrike zombies (Depths:4)
  Gastronok (D:11)
  18 ironheart preservers
  6 reapers
  Jorgrun (Vaults:5)
  6 draconian shifters
  4 draconian annihilators
  An ophan (Abyss:1)
  23 stone giants
  3 vampire knights
  5 deep elf annihilators (Elf:3)
  12 very ugly things
  5 draconian callers
  2 war gargoyles
  3 black draconians
  8 purple draconians
  12 green draconians
  4 grey draconians
  5 dire elephants
  11 deep elf demonologists
  2 lorocyprocas
  The ghost of Miyamura the Nimble, a powerful MfIE of Okawaru (Lair:5)
  4 mottled draconians
  7 red draconians
  An eidolon (Zig:5)
  6 pale draconians
  9 yellow draconians
  The ghost of poirepourri the Nimble, a powerful DDBe of Trog (D:12)
  11 white draconians
  5 green deaths
  17 great orbs of eyes
  26 vault guards
  18 ettins
  A quicksilver dragon zombie (Depths:4)
  9 deep elf death magi
  A blizzard demon (WizLab)
  11 death oozes
  4 crystal guardians
  Josephine (D:15)
  14 death cobs
  The ghost of Woebin the Cleaver, a powerful MiBe of Trog (IceCv)
  4 deep elf high priests
  27 fire dragons
  11 rakshasas
  2 jiangshi
  A hell beast (WizLab)
  Harold (Lair:1)
  A quicksilver dragon skeleton (Abyss:1)
  5 ghost crabs
  3 minotaurs
  18 yaktaur captains
  19 naga warriors
  21 ice dragons
  An alligator snapping turtle (shapeshifter) (Vaults:5)
  25 hydras
  12 anacondas
  11 centaur warriors
  2 spriggan air magi
  5 deep troll shamans
  4 tengu warriors
  10 deep troll earth magi
  17 dancing weapons
  8 alligators
  A hell hog (Abyss:1)
  15 ogre magi
  3 spriggan berserkers
  4 shock serpents
  8 orc high priests
  24 death yaks
  16 naga sharpshooters
  6 thrashing horrors (Abyss:1)
  8 sun demons
  2 vampire magi
  Nergalle (D:13)
  8 soul eaters
  11 wretched stars (Abyss:1)
  A death drake (shapeshifter) (Vaults:5)
  2 iron trolls
  A salamander mystic (Snake:5)
  A titan skeleton (Depths:4)
  7 ice devils
  A golden dragon zombie (Abyss:1)
  A spatial maelstrom (Abyss:1)
  9 shadow wraiths
  26 deep elf knights
  22 deep trolls
  76 starcursed masses (Abyss:1)
  A death scarab (Zig:6)
  A skeletal warrior (Zig:4)
  4 flayed ghosts
  A cherub (D:9)
  6 deep elf summoners
  A sea snake (Snake:3)
  A spectral anaconda (Swamp:5)
  14 giant orange brains
  19 swamp dragons
  6 wizards
  7 death drakes (Depths:5)
  4 unseen horrors
  6 naga ritualists
  A deep troll (shapeshifter) (Vaults:3)
  A gelid demonspawn (D:9)
  6 spriggan druids
  4 tengu zombies
  An ice statue (IceCv)
  2 shadow dragon zombies (Depths:4)
  2 shambling mangroves
  7 deathcaps
  A spectral hydra (Swamp:5)
  A giant orange brain (shapeshifter) (Vaults:5)
  3 golden dragon skeletons (Depths:4)
  A sphinx zombie (Depths:4)
  23 deep elf conjurers
  11 hill giants
  2 ugly thing zombies (Vaults:1)
  12 ironbrand convokers
  2 lindwurms
  A mana viper (shapeshifter) (Depths:3)
  10 mana vipers
  A wolf spider (shapeshifter) (Depths:3)
  7 necromancers
  3 orc sorcerers (Orc:4)
  46 ugly things
  15 orc knights
  2 iron dragon zombies
  3 oklob plants
  A frost giant zombie (Depths:1)
  2 octopodes (shapeshifter)
  12 hornets
  7 wolf spiders
  7 griffons
  9 salamanders
  12 shining eyes
  10 sixfirhies
  A stone giant zombie (Vaults:4)
  An anubis guard (Zig:6)
  5 phantasmal warriors
  8 cyclopes
  An iron dragon skeleton (Depths:4)
  3 manticores
  A guardian serpent (shapeshifter) (Vaults:5)
  3 human skeletons
  5 guardian serpents
  2 centaur zombies (D:14)
  15 elephants
  36 black mambas
  A dire elephant zombie (Depths:4)
  A stone giant skeleton (Depths:1)
  35 moths of wrath
  7 worldbinders (Abyss:1)
  A spriggan zombie (Depths:4)
  20 smoke demons
  A draconian skeleton (Depths:5)
  An elephant (shapeshifter) (Vaults:5)
  3 molten gargoyles (Volcano)
  A frost giant skeleton (Depths:4)
  15 vault sentinels
  12 rust devils
  A queen ant (D:13)
  7 torpor snails
  A spriggan skeleton (Depths:4)
  A hellion (Zig:3)
  2 apocalypse crabs (Abyss:1)
  6 eyes of devastation
  22 naga magi
  An eye of devastation (shapeshifter) (Abyss:1)
  An emperor scorpion zombie (Zig:3)
  75 yaktaurs
  8 orange demons
  2 elf skeletons (Depths:4)
  15 komodo dragons
  25 spiny frogs
  2 efreet
  A storm dragon simulacrum (Vaults:4)
  2 centaur skeletons
  2 elf zombies (Depths:4)
  5 kobold demonologists
  3 tormentors
  5 blue devils
  3 gargoyles
  18 hellwings
  2 guardian mummies
  A redback zombie (D:15)
  2 death yak skeletons
  An elf (shapeshifter) (Vaults:3)
  5 tengu conjurers
  3 demonic crawlers
  19 deep elf priests
  16 fire drakes
  5 trolls
  25 wandering mushrooms
  9 red devils
  A wind drake (Depths:5)
  A green draconian skeleton (Depths:5)
  55 small abominations
  14 ancient zymes (Abyss:1)
  A silent spectre (Vaults:3)
  3 tengu simulacra
  23 two-headed ogres
  A catoblepas skeleton (Abyss:1)
  A minotaur zombie (Depths:4)
  24 polar bears
  Sonja (D:12)
  39 raiju
  A queen bee (D:10)
  A trapdoor spider zombie (D:10)
  8 freezing wraiths
  7 giant leeches
  Grinder (D:5)
  11 boulder beetles
  15 blink frogs
  Prince Ribbit (Lair:1)
  4 fire vortices (Volcano)
  22 ravens
  An ushabti (Zig:6)
  145 slime creatures
  2 deep troll zombies (Depths:4)
  A spectral ghost crab (Swamp:5)
  9 bog bodies
  2 sphinx simulacra (Depths:4)
  A hydra skeleton (Abyss:1)
  A tarantella (shapeshifter) (Vaults:5)
  6 jumping spiders
  A blink frog (shapeshifter) (Vaults:5)
  A guardian serpent skeleton (Abyss:1)
  2 trapdoor spiders (Lab)
  15 ynoxinuls
  3 air elementals
  A yak (shapeshifter) (Vaults:3)
  4 fire elementals
  A redback (shapeshifter) (Vaults:1)
  6 tarantellas
  10 baby alligators
  6 basilisks
  11 spriggans
  3 wyverns
  13 flying skulls
  17 redbacks
  2 dire elephant simulacra (Abyss:1)
  19 humans (D:14)
  3 fire bats (Abyss:1)
  3 water elementals
  7 shadows
  A vampire (Depths:2)
  2 steam dragons
  15 wraiths
  71 yaks
  38 deep elf fighters
  4 golden eyes
  31 deep elf magi
  11 chaos spawn
  20 neqoxecs
  10 hungry ghosts
  58 nagas
  12 hippogriffs
  27 swamp worms
  A spatial vortex (Abyss:1)
  31 water moccasins
  A mottled dragon (Vaults:2)
  An elf simulacrum (Depths:4)
  28 vampire mosquitoes
  24 insubstantial wisps
  9 soldier ants
  26 wolves
  12 wargs
  55 orc warriors
  12 porcupines
  An ice beast (shapeshifter) (Abyss:1)
  14 black bears
  An ice dragon simulacrum (Abyss:1)
  4 ice beasts
  10 hell hounds
  A naga skeleton (Abyss:1)
  55 ogres
  8 sky beasts
  14 wasps
  12 eyes of draining
  7 centaurs
  2 necrophages
  13 phantoms
  18 swamp drakes
  A snapping turtle zombie (Abyss:1)
  6 boggarts (Vaults:1)
  A boring beetle (Lair:8)
  A boring beetle (shapeshifter) (Abyss:1)
  An eye of draining (shapeshifter) (Elf:1)
  3 human zombies
  Duvessa (D:7)
  3 yaktaur zombies
  3 big kobolds
  11 crocodiles
  9 brain worms
  A crocodile (shapeshifter) (Vaults:4)
  26 giant frogs
  2 earth elementals (Abyss:1)
  A wyvern zombie (D:12)
  A yaktaur skeleton (Vaults:1)
  A spectral water moccasin (Swamp:3)
  2 wyvern skeletons
  3 scorpions
  19 wights
  A warg skeleton (Orc:4)
  2 glowing shapeshifter simulacra
  A water moccasin skeleton (D:6)
  A raiju zombie (Abyss:1)
  29 killer bees
  14 crimson imps
  A goliath beetle (D:9)
  4 electric eels
  Dowan (D:7)
  40 jellies
  A spectral giant frog (Swamp:3)
  14 quasits
  11 iron imps
  37 orc priests
  A giant frog zombie (D:13)
  21 hounds
  18 hell rats
  2 giant frog skeletons
  9 iguanas
  19 sheep
  43 orc wizards
  4 spectral orcs (D:13)
  2 spectral swamp drakes
  32 worker ants
  An ogre zombie (Depths:4)
  A hound zombie (D:6)
  7 mummies
  4 worker ant zombies
  11 gnolls
  53 river rats
  28 adders
  11 shadow imps
  12 white imps
  2 giant mites
  A giant eyeball (Slime:1)
  22 worms
  54 ufetubi
  8 orc zombies
  An adder zombie (D:8)
  2 adder skeletons
  2 oozes
  226 orcs
  3 ball pythons (D:3)
  A bat zombie (D:5)
  4 giant cockroaches
  13 hobgoblins
  11 jackals
  30 kobolds
  15 quokkas
  12 bats
  2 giant cockroach zombies (D:6)
  7 giant geckos
  A giant gecko zombie (D:7)
  9 giant newts
  22 goblins
  A jackal skeleton (D:4)
  3 lurking horrors (Abyss:1)
  22 orc skeletons
  2 quokka skeletons
  23 rats
  7 briar patches
  6 bushes
  14 crawling corpses
  56 fungi
  44 plants
  21 starspawn tentacles (Abyss:1)
4294 creatures vanquished.

Vanquished Creatures (collateral kills)
  2 unborn (Zig:5)
  A phantasmal warrior (Zig:5)
3 creatures vanquished.

Vanquished Creatures (others)
  2 Orb Guardians (Zot:5)
  An eldritch tentacle (D:6)
  A tengu reaver (Depths:4)
  An orc warlord (Vaults:1)
  A draconian scorcher (Zot:1)
  A reaper (Depths:4)
  2 vault guards (Vaults:5)
  A deep elf death mage (Depths:4)
  2 death cobs
  A yaktaur captain (Vaults:1)
  An anaconda (Zig:8)
  A vampire mage (Depths:4)
  A naga sharpshooter (Snake:5)
  A deep elf knight (Elf:1)
  A deep troll (Depths:4)
  2 statues (D:14)
  A vault sentinel (Vaults:1)
  3 air elementals
  4 naga magi
  A moth of wrath (Zot:5)
  A komodo dragon (Depths:5)
  A yaktaur (Vaults:3)
  An ancient zyme (Abyss:1)
  A blue devil (WizLab)
  A polar bear (IceCv)
  A fire vortex (Volcano)
  A two-headed ogre (Vaults:5)
  A slime creature (Swamp:5)
  A raiju (Abyss:1)
  A yak (IceCv)
  A ynoxinul (D:9)
  2 deep elf fighters
  A mottled dragon (Depths:5)
  2 nagas
  A neqoxec (Abyss:1)
  A water moccasin (Snake:4)
  2 earth elementals
  A centaur (D:14)
  A boring beetle (Zig:9)
  4 lost souls
  2 small abominations (Abyss:1)
  A killer bee (D:10)
  A crimson imp (D:14)
  An orc wizard (D:6)
  An orc (Orc:4)
  A hobgoblin (D:8)
  A lurking horror (Abyss:1)
  An orc zombie (Depths:4)
  2 briar patches (Zig:2)
  80 eldritch tentacle segments (D:6)
  14 fungi
  50 plants
  50 starspawn tentacles (Abyss:1)
  223 starspawn tentacle segments (Abyss:1)
483 creatures vanquished.

Grand Total: 4780 creatures vanquished

Notes
Turn   | Place    | Note
--------------------------------------------------------------
     0 | D:1      | Miyamura, the Draconian Wanderer, began the quest for the Orb.
     0 | D:1      | Miyamura set off with: 2 potions of haste, a scroll of teleportation, a potion of curing, a +0 club, a bread ration
     0 | D:1      | Reached XP level 1. HP: 22/22 MP: 1/1
   324 | D:1      | Reached XP level 2. HP: 25/28 MP: 2/2
   812 | D:2      | Noticed a moth of wrath
   970 | D:2      | Reached skill level 5 in Fighting
   970 | D:2      | Reached XP level 3. HP: 12/36 MP: 3/3
  1475 | D:2      | Gained mutation: You occasionally shout uncontrollably at your foes. [potion of mutation]
  1762 | D:2      | Found a bloodstained altar of Trog.
  1799 | D:2      | Reached XP level 4. HP: 35/42 MP: 4/4
  2047 | D:2      | Found a shadowy altar of Dithmenos.
  2551 | D:3      | Noticed a phantom
  2561 | D:3      | Reached skill level 1 in Dodging
  2594 | D:3      | Reached skill level 1 in Polearms
  2658 | D:3      | Killed a phantom
  2658 | D:3      | Reached XP level 5. HP: 32/50 MP: 5/5
  3246 | D:3      | Reached skill level 6 in Fighting
  3246 | D:3      | Reached XP level 6. HP: 55/57 MP: 7/7
  4160 | D:4      | HP: 2/58 [ogre/giant club (22)]
  4513 | D:4      | Your scales start taking on a lurid green colour.
  4513 | D:4      | Gained mutation: Your system is resistant to poisons. [draconian maturity]
  4513 | D:4      | Reached XP level 7. HP: 59/64 MP: 8/8
  5062 | D:5      | Entered Level 5 of the Dungeon
  5063 | D:5      | Found a staircase to the Ecumenical Temple.
  5080 | Temple   | Entered the Ecumenical Temple
  5284 | Temple   | Became a worshipper of Qazlal Stormbringer
  5699 | D:5      | Reached skill level 7 in Fighting
  5901 | D:5      | Found Cleag's Assorted Antiques.
  5989 | D:5      | Bought a cloak for 139 gold pieces
  5995 | D:5      | Noticed Grinder
  5996 | D:5      | Paralysed by Grinder for 2 turns
  6019 | D:5      | Paralysed by Grinder for 4 turns
  6031 | D:5      | Killed Grinder
  6031 | D:5      | Reached skill level 1 in Invocations
  6031 | D:5      | Reached XP level 8. HP: 58/73 MP: 11/11
  6265 | D:6      | Found a glowing drain.
  6293 | Sewer    | Entered a sewer
  6401 | Sewer    | Acquired Qazlal's first power
  6422 | Sewer    | Found a glowing silver altar of Zin.
  6760 | D:6      | Acquired Qazlal's second power
  6831 | D:5      | Reached skill level 5 in Polearms
  7360 | D:6      | Reached skill level 8 in Fighting
  7420 | D:6      | Reached XP level 9. HP: 72/81 MP: 15/15
  7644 | D:7      | Found Zobiot's Book Shop.
  7806 | D:7      | Reached skill level 5 in Dodging
  8311 | D:7      | Reached skill level 5 in Evocations
  8384 | D:7      | Noticed Dowan
  8392 | D:7      | Killed Dowan
  8574 | D:7      | Noticed Duvessa
  8583 | D:7      | Reached skill level 1 in Axes
  8586 | D:7      | Killed Duvessa
  8726 | D:7      | Found an opulent altar of Gozag.
  9205 | D:7      | Acquired Qazlal's third power
  9743 | D:8      | Reached skill level 5 in Invocations
 10216 | D:8      | Reached skill level 9 in Fighting
 10312 | D:8      | Reached XP level 10. HP: 48/91 MP: 19/19
 10921 | D:9      | Acquired Qazlal's fourth power
 11169 | D:9      | Found a burning altar of Makhleb.
 11594 | D:9      | Found a staircase to the Orcish Mines.
 11929 | Orc:1    | Entered Level 1 of the Orcish Mines
 11948 | Orc:1    | Acquired Qazlal's fifth power
 12848 | Orc:2    | Noticed an orc high priest
 13275 | Orc:1    | Reached skill level 10 in Fighting
 13657 | Orc:2    | Noticed a cyclops
 14007 | Orc:1    | Killed an orc high priest
 14007 | Orc:1    | Reached XP level 11. HP: 99/99 MP: 21/21
 14139 | Orc:2    | Killed a cyclops
 14377 | Orc:3    | Found a staircase to the Elven Halls.
 14420 | Orc:3    | Reached skill level 5 in Axes
 14758 | Orc:4    | Entered Level 4 of the Orcish Mines
 14887 | Orc:4    | Noticed North's ghost (powerful MfGl)
 15020 | Orc:4    | HP: 3/100 [North's ghost (13)]
 15999 | D:10     | Entered Level 10 of the Dungeon
 16952 | D:11     | Found a staircase to the Lair.
 16971 | D:11     | Noticed a hill giant
 17293 | D:11     | Noticed Gastronok
 17314 | D:10     | Killed a hill giant
 17327 | D:10     | Gained mutation: You have large cloven feet. [mutagenic meat]
 17621 | D:11     | Killed Gastronok
 17621 | D:11     | Reached skill level 11 in Fighting
 17646 | D:11     | Identified a scroll of acquirement
 17878 | D:11     | Reached XP level 12. HP: 92/110 MP: 24/24
 17892 | D:11     | Reached skill level 1 in Shields
 19090 | Lair:1   | Entered Level 1 of the Lair of Beasts
 19189 | Lair:1   | Noticed Harold
 19240 | Lair:1   | Killed Harold
 19319 | Lair:1   | Noticed Prince Ribbit
 19323 | Lair:1   | Killed Prince Ribbit
 19414 | Lair:1   | Found a dark tunnel.
 19426 | Volcano  | Entered a volcano
 21604 | Lair:2   | Reached skill level 12 in Fighting
 22012 | Lair:3   | Reached XP level 13. HP: 118/118 MP: 26/26
 22230 | Lair:3   | Reached skill level 10 in Invocations
 22330 | Lair:3   | Found a staircase to the Snake Pit.
 23047 | Lair:3   | Found a staircase to the Swamp.
 23048 | Lair:3   | Reached skill level 5 in Shields
 23918 | Lair:4   | Reached skill level 10 in Dodging
 24261 | Lair:5   | Noticed Miyamura's ghost (powerful MfIE)
 24284 | Lair:5   | Killed Miyamura's ghost
 25252 | Lair:6   | Learned a level 6 spell: Poisonous Cloud
 25508 | Lair:6   | Got an encrusted flail
 25509 | Lair:6   | Identified the +2 flail of the Grave {flame, -Cast -Tele rN+ Dex+6} (You found it on level 6 of the Lair of Beasts)
 25764 | Lair:6   | Reached skill level 13 in Fighting
 26611 | Lair:7   | Gained mutation: Your tail ends in a poisonous barb. [draconian growth]
 26611 | Lair:7   | Reached XP level 14. HP: 89/129 MP: 28/28
 26906 | Lair:7   | Found a bloodstained altar of Trog.
 27820 | Lair:8   | Entered Level 8 of the Lair of Beasts
 27871 | Lair:8   | Found a staircase to the Slime Pits.
 28969 | Lair:8   | Got a steaming shortbow
 28970 | Lair:8   | Identified the +7 shortbow of Grontol {velocity, Stlth+} (You found it on level 8 of the Lair of Beasts)
 29536 | Lair:8   | Noticed an acid blob
 29548 | Lair:7   | Killed an acid blob
 29548 | Lair:7   | Reached skill level 10 in Axes
 29787 | Lair:8   | Found a runed door.
 31240 | Orc:4    | Killed North's ghost
 31632 | Orc:4    | Noticed an orc high priest
 31638 | Orc:4    | Killed an orc high priest
 31640 | Orc:4    | Reached XP level 15. HP: 133/137 MP: 28/30
 31670 | Orc:4    | Noticed an orc high priest
 31677 | Orc:4    | Killed an orc high priest
 31692 | Orc:4    | Noticed an orc warlord
 31738 | Orc:4    | Killed an orc warlord
 31739 | Orc:4    | Reached skill level 14 in Fighting
 32064 | Orc:4    | Noticed an orc high priest
 32076 | Orc:4    | Noticed an orc high priest
 32319 | Orc:4    | Killed an orc high priest
 32349 | Orc:4    | Killed an orc high priest
 32490 | Orc:4    | Paralysed by an orc sorcerer for 7 turns
 32517 | Orc:4    | Found Iheomp's Antique Armour Shoppe.
 32517 | Orc:4    | Found Tryvi's Antique Weapon Shoppe.
 32527 | Orc:4    | Found Mnua's General Store.
 32527 | Orc:4    | Found Neus' Jewellery Emporium.
 32542 | Orc:4    | Bought a scroll of holy word for 97 gold pieces
 32543 | Orc:4    | Bought the amulet of Vitality {Regen+ HP+15} for 481 gold pieces
 32555 | Orc:4    | Bought the +3 hat of Pondering {ponderous, MR+ MP+10 Int+5} for 478 gold pieces
 32571 | Orc:4    | Bought a sapphire trident for 323 gold pieces
 32571 | Orc:4    | Identified the +6 trident of the Lamprey {freeze, Contam Int+3 Stlth+} (You bought it in a shop on level 4 of the Orcish Mines)
 32864 | D:12     | Noticed poirepourri's ghost (powerful DDBe)
 32870 | D:12     | Noticed Sonja
 32983 | D:12     | Killed poirepourri's ghost
 33048 | D:12     | Lost mutation: You occasionally shout uncontrollably at your foes. [potion of cure mutation]
 33048 | D:12     | Lost mutation: You have large cloven feet. [potion of cure mutation]
 33081 | D:12     | Killed Sonja
 33644 | D:13     | Found a labyrinth entrance.
 33654 | Lab      | Entered a labyrinth
 33901 | Lab      | Identified Iskenderun's Reference Book on Burning Arcane Weapons
 34016 | D:13     | Noticed Nergalle
 34024 | D:13     | Killed Nergalle
 34064 | D:13     | Found Acuyhujo's General Store.
 34073 | D:13     | Bought 3 scrolls of identify for 96 gold pieces
 34073 | D:13     | Bought a potion of restore abilities for 80 gold pieces
 34073 | D:13     | Bought a scroll of identify for 32 gold pieces
 35147 | D:14     | Found a gate to the Vaults.
 35193 | D:14     | Gained mutation: Your muscles are strong. (Str +2) [mutagenic meat]
 35194 | D:14     | Gained mutation: You have a pair of small horns on your head. [mutagenic meat]
 35195 | D:14     | Gained mutation: You have sharp toenails. [mutagenic meat]
 35242 | D:14     | Found a frozen archway.
 35252 | IceCv    | Entered an ice cave
 35495 | IceCv    | Reached skill level 10 in Shields
 35514 | IceCv    | Reached XP level 16. HP: 147/147 MP: 31/31
 35599 | IceCv    | Noticed Woebin's ghost (powerful MiBe)
 35625 | IceCv    | Killed Woebin's ghost
 35781 | IceCv    | Got a jewelled hand axe
 35782 | IceCv    | Identified the +4 hand axe "Olliffomm" {flame, +Rage} (You found it in an ice cave)
 36360 | D:14     | Got a heavily runed jade ring
 36361 | D:14     | Identified the ring of Cedyuwk {Fire +Inv rPois MR+ Str-3 Dex+4} (You found it on level 14 of the Dungeon)
 36462 | D:15     | Entered Level 15 of the Dungeon
 36466 | D:15     | Reached skill level 15 in Fighting
 36470 | D:15     | Noticed Josephine
 36484 | D:15     | Killed Josephine
 36739 | D:15     | Noticed Frances
 36752 | D:15     | Killed Frances
 36903 | D:15     | Found a staircase to the Depths.
 37151 | D:15     | Gained mutation: You are clumsy. (Dex -2) [mutagenic meat]
 37152 | D:15     | Gained mutation: You heal slowly when monsters are visible. [mutagenic meat]
 37153 | D:15     | Lost mutation: You have a pair of small horns on your head. [mutagenic meat]
 37154 | D:15     | Gained mutation: You expend magic power (3 MP) to slightly strengthen your wands. [mutagenic meat]
 37155 | D:15     | Gained mutation: You have a pair of small antennae on your head. [mutagenic meat]
 37156 | D:15     | Gained mutation: You can translocate small distances at will. [mutagenic meat]
 37636 | D:15     | Noticed Roxanne
 37676 | D:15     | Killed Roxanne
 37678 | D:15     | Identified Roxanne's Almanac of Mutagenic Clay (You took it off Roxanne on level 15 of the Dungeon)
 37793 | D:15     | Learned a level 6 spell: Statue Form
 37989 | Snake:1  | Entered Level 1 of the Snake Pit
 39804 | Snake:3  | Reached XP level 17. HP: 157/157 MP: 33/33
 39823 | Snake:3  | Noticed Rider75's ghost (mighty KoBe)
 40068 | Snake:3  | Killed Rider75's ghost
 40793 | Snake:4  | Reached skill level 16 in Fighting
 41187 | Snake:4  | Learned a level 2 spell: Blink
 41505 | Snake:5  | Entered Level 5 of the Snake Pit
 42318 | Snake:5  | Reached skill level 15 in Invocations
 42744 | Snake:5  | Reached XP level 18. HP: 160/168 MP: 34/34
 43065 | Snake:5  | Got a serpentine rune of Zot
 43502 | Swamp:1  | Entered Level 1 of the Swamp
 43866 | Swamp:1  | Got an ebony dagger
 43867 | Swamp:1  | Identified the +7 dagger "Vexazxua" {pierce, Noisy rElec MR+ Str-5 Int+8} (You took it off a spriggan berserker on level 1 of the Swamp)
 44098 | Swamp:1  | Gained mutation: You are somewhat resistant to further mutation. [potion of mutation]
 44098 | Swamp:1  | Lost mutation: You have a pair of small antennae on your head. [potion of mutation]
 45202 | Swamp:3  | Noticed Agnes
 45224 | Swamp:3  | Killed Agnes
 45308 | Swamp:3  | Reached skill level 15 in Shields
 45648 | Swamp:3  | Learned a level 2 spell: Sublimation of Blood
 45675 | Swamp:3  | Reached skill level 17 in Fighting
 46107 | Swamp:4  | Got a fine granite ring
 46109 | Swamp:4  | Identified the ring of Nuskicif {rElec Stlth-} (You found it on level 4 of the Swamp)
 46492 | Swamp:4  | Got a warped granite ring
 46493 | Swamp:4  | Identified the ring "Frirph" {SustAb rF+ MR+} (You acquired it on level 4 of the Swamp)
 46767 | Swamp:5  | Entered Level 5 of the Swamp
 47448 | Swamp:5  | Noticed the 27-headed Lernaean hydra
 47732 | Swamp:5  | Killed the 21-headed Lernaean hydra
 47750 | Swamp:5  | Reached XP level 19. HP: 124/177 MP: 35/35
 48123 | Swamp:5  | Got a decaying rune of Zot
 48938 | Elf:1    | Entered Level 1 of the Elven Halls
 49431 | Elf:1    | Reached skill level 15 in Dodging
 49505 | Elf:1    | Identified Lontaocw's Grimoire of Cloudy Confrontation
 50133 | Elf:2    | Found Praircha's Weapon Shoppe.
 50287 | Elf:2    | Found a huge runed gate.
 50287 | Elf:2    | Found a huge runed gate.
 50287 | Elf:2    | Found a huge runed gate.
 50288 | Elf:2    | Found a huge runed gate.
 50289 | Elf:2    | Found a huge runed gate.
 50632 | Elf:2    | Reached skill level 15 in Axes
 51042 | Elf:3    | Entered Level 3 of the Elven Halls
 51332 | Elf:2    | Reached skill level 18 in Fighting
 51451 | Elf:3    | Reached XP level 20. HP: 187/187 MP: 36/36
 51632 | Elf:3    | Identified a +3 rod of ignition (10/10) (You took it off a deep elf fighter on level 3 of the Elven Halls)
 51686 | Elf:3    | Got a jewelled war axe
 51687 | Elf:3    | Identified the +3 war axe "Suahom" {venom, MR+} (You found it on level 3 of the Elven Halls)
 51725 | Elf:3    | Identified the Guide on Venom
 51803 | Elf:3    | Got a fine long sword
 51804 | Elf:3    | Identified the +8 long sword "Mivaz" {slice, rF- MR+ Stlth+} (You took it off a deep elf fighter on level 3 of the Elven Halls)
 52811 | Vaults:1 | Entered Level 1 of the Vaults
 53096 | Vaults:1 | Found Udoinguu's Antique Weapon Shop.
 53823 | Vaults:1 | Got a translucent rapier
 53825 | Vaults:1 | Identified the +11 rapier "Khahicic" {freeze, rF- rN+ Str+4 Dex+3} (You found it on level 1 of the Vaults)
 54030 | Vaults:1 | Found an iron altar of Okawaru.
 55842 | Vaults:3 | Noticed Donald
 55900 | Vaults:3 | Killed Donald
 56041 | Vaults:3 | Found a staircase to the Crypt.
 56154 | Vaults:3 | Reached XP level 21. HP: 196/196 MP: 37/37
 56611 | Vaults:3 | Reached skill level 19 in Fighting
 58581 | Vaults:4 | Found a roughly hewn altar of Beogh.
 59215 | Vaults:5 | Entered Level 5 of the Vaults
 59777 | Slime:1  | Entered Level 1 of the Pits of Slime
 59823 | Slime:1  | Paralysed by a giant eyeball for 2 turns
 59830 | Slime:1  | Paralysed by a giant eyeball for 2 turns
 59918 | Slime:1  | Reached XP level 22. HP: 175/206 MP: 38/38
 60393 | Slime:2  | Lost mutation: Your muscles are strong. (Str +2) [a shining eye]
 61166 | Slime:3  | Gained mutation: Your spells are a little easier to cast, but a little less powerful. [a shining eye]
 62745 | Slime:6  | Entered Level 6 of the Pits of Slime
 62779 | Slime:6  | Noticed the royal jelly
 63288 | Slime:6  | Lost mutation: Your spells are a little easier to cast, but a little less powerful. [a shining eye]
 63300 | Slime:6  | Reached skill level 20 in Fighting
 63553 | Slime:6  | Killed the royal jelly
 64733 | Slime:6  | Got a slimy rune of Zot
 64736 | Slime:6  | Got an ancient great mace
 64737 | Slime:6  | Identified the +3 great mace of Craa {venom, rElec MR+ SInv Stlth-} (You found it on level 6 of the Pits of Slime)
 64769 | Slime:6  | Got a faintly glowing dagger
 64770 | Slime:6  | Identified the cursed -2 dagger "Edudghoett" {speed, Noisy +Blink Str+4} (You found it on level 6 of the Pits of Slime)
 64792 | Slime:6  | Got a smoking glass ring
 64794 | Slime:6  | Identified the ring "Ulakas" {+Inv rElec AC+3} (You found it on level 6 of the Pits of Slime)
 64848 | Slime:6  | Identified Roxanne's Tome of Dusty Changing
 65330 | Depths:1 | Entered Level 1 of the Depths
 65369 | Depths:1 | Found a gateway to a ziggurat.
 65401 | Depths:1 | Found a gateway to Hell.
 65421 | Depths:1 | Found a one-way gate leading to the halls of Pandemonium.
 65539 | Depths:1 | Found a magical portal.
 65589 | WizLab   | Entered The Hall of Praf the Hellbinder
 65641 | WizLab   | Reached XP level 23. HP: 80/211 MP: 39/39
 66197 | WizLab   | Found a burning altar of Makhleb.
 66254 | WizLab   | Identified Epsecac's Almanac of Creation and Malediction
 66276 | WizLab   | Identified the Grimoire of Weightlessness
 66278 | WizLab   | Identified the Collected Works on the Ensnaring Entourage
 67028 | Depths:1 | Got an ancient scimitar
 67029 | Depths:1 | Identified the +4 scimitar "Paugih" {venom, rElec MP+9 Str+4 Dex-4} (You found it on level 1 of the Depths)
 67084 | Depths:1 | Got a faintly glowing turquoise ring
 67146 | Depths:1 | Identified the ring of Summertime {rPois Str-5 Int+2 Stlth+} (You found it on level 1 of the Depths)
 67645 | Zig:1    | Entered Level 1 of a ziggurat
 67673 | Zig:2    | Entered Level 2 of a ziggurat
 67713 | Zig:3    | Entered Level 3 of a ziggurat
 67746 | Zig:3    | Identified the Volume of Sinister Creation
 67757 | Zig:4    | Entered Level 4 of a ziggurat
 68080 | Zig:5    | Entered Level 5 of a ziggurat
 68121 | Zig:5    | Reached XP level 24. HP: 146/221 MP: 40/40
 68290 | Zig:5    | Lost mutation: You have sharp toenails. [potion of cure mutation]
 68296 | Zig:6    | Entered Level 6 of a ziggurat
 68299 | Zig:6    | Noticed a greater mummy
 68300 | Zig:6    | Noticed a greater mummy
 68316 | Zig:6    | Killed a greater mummy
 68316 | Zig:6    | Killed a greater mummy
 68398 | Zig:7    | Entered Level 7 of a ziggurat
 68454 | Zig:7    | Reached XP level 25. HP: 225/225 MP: 12/41
 68472 | Zig:7    | Got a twisted blowgun
 68473 | Zig:7    | Identified the +1 blowgun "Proqek" {speed, rN+ Str+3 Dex+3} (You found it on level 7 of a ziggurat)
 68575 | Zig:8    | Entered Level 8 of a ziggurat
 68724 | Zig:8    | Got a faintly glowing jade amulet
 68725 | Zig:8    | Identified the amulet "Khehiq" {Clar Slay+2} (You found it on level 8 of a ziggurat)
 68730 | Zig:8    | Identified Yzeosi's Advanced Witchery
 68738 | Zig:8    | Lost mutation: You can translocate small distances at will. [potion of cure mutation]
 68738 | Zig:8    | Lost mutation: You heal slowly when monsters are visible. [potion of cure mutation]
 68742 | Zig:8    | Identified the Disquisition on the Oath and Intoxication
 68749 | Zig:9    | Entered Level 9 of a ziggurat
 69006 | Zig:9    | Identified Sif Muna's Collected Works on Moulding
 69021 | Zig:9    | Reached skill level 5 in Transmutations
 69021 | Zig:9    | Reached skill level 5 in Earth Magic
 69021 | Zig:9    | Reached XP level 26. HP: 221/234 MP: 41/41
 69022 | Zig:9    | Reached XP level 27. HP: 228/241 MP: 42/42
 69323 | Depths:2 | Reached skill level 5 in Spellcasting
 69493 | Depths:2 | Found a shimmering altar of Xom.
 71444 | Depths:4 | Cast into the Abyss (a Zot trap)
 72031 | Abyss:1  | Paralysed by accursed screaming for 1 turns
 72126 | Abyss:1  | Found a shadowy altar of Dithmenos.
 72178 | Abyss:1  | Found a shadowy altar of Dithmenos.
 72239 | Abyss:1  | Paralysed by accursed screaming for 1 turns
 72240 | Abyss:1  | Gained mutation: You are frail (-10% HP). [a neqoxec]
 72243 | Abyss:1  | Paralysed by accursed screaming for 1 turns
 72740 | Abyss:1  | Reached skill level 10 in Transmutations
 72744 | Abyss:1  | Reached skill level 21 in Invocations
 72770 | Abyss:1  | Reached skill level 10 in Earth Magic
 72928 | Abyss:1  | Noticed an ancient lich
 72972 | Abyss:1  | Killed an ancient lich
 73227 | Abyss:1  | Paralysed by accursed screaming for 1 turns
 73371 | Abyss:1  | Found a deep blue altar of Sif Muna.
 73415 | Abyss:1  | Found a deep blue altar of Sif Muna.
 73756 | Abyss:1  | Found a shimmering altar of Xom.
 73855 | Abyss:1  | Reached skill level 10 in Spellcasting
 74060 | Abyss:1  | Gained mutation: You sometimes yell uncontrollably at your foes. [a neqoxec]
 74377 | Abyss:1  | Gained mutation: Potions and wands are less effective at restoring your health. [a neqoxec]
 74691 | Abyss:1  | Gained mutation: Your body is slowly deteriorating. [a neqoxec]
 74724 | Depths:4 | Escaped the Abyss
 74862 | Depths:4 | Reached skill level 22 in Invocations
 74992 | Depths:4 | Noticed Saint Roka
 75442 | Depths:4 | Killed Saint Roka
 75489 | Depths:4 | Got a shimmering iron ring
 75491 | Depths:4 | Identified the ring of Jacvipt {+/*Tele Str+5 Stlth+} (You took it off a necromancer on level 4 of the Depths)
 75494 | Depths:4 | Got a translucent falchion
 75495 | Depths:4 | Identified the +10 falchion "Ofamuz" {freeze, -Tele MR+++} (You took it off a necromancer on level 4 of the Depths)
 75539 | Depths:4 | Found an ancient bone altar of Kikubaaqudgha.
 75809 | Depths:4 | Found a one-way gate to the infinite horrors of the Abyss.
 76386 | Depths:4 | Identified the Collected Works on Dislocated Ice
 76391 | Depths:4 | Got a transparent dire flail
 76398 | Depths:4 | Identified the +4 dire flail "Claavosi" {vamp, MR+ Str+2} (You found it on level 4 of the Depths)
 76483 | Depths:5 | Entered Level 5 of the Depths
 76785 | Depths:5 | Found a gate to the Realm of Zot.
 78452 | Vaults:5 | Reached skill level 23 in Invocations
 78480 | Vaults:5 | Noticed Jorgrun
 78493 | Vaults:5 | Killed Jorgrun
 78992 | Vaults:5 | Gained mutation: Scrolls take you a little longer to read. [a shining eye]
 79076 | Vaults:5 | Identified Sif Muna's Disquisition on Protection and the Glacier
 79080 | Vaults:5 | Learned a level 2 spell: Swiftness
 79082 | Vaults:5 | Got a crystal whip
 79083 | Vaults:5 | Identified the +10 whip of the Seven Gods {drain, rC+ Int-5 Dex+4} (You found it on level 5 of the Vaults)
 79379 | Vaults:5 | Identified The Second Course in Secret Knowledge
 79404 | Vaults:5 | Got a jewelled falchion
 79407 | Vaults:5 | Identified the +7 falchion of Xeom {slice, rN+} (You found it on level 5 of the Vaults)
 79570 | Vaults:5 | Identified a +0 pair of boots of running (You found it on level 5 of the Vaults)
 79813 | Vaults:5 | Got a silver rune of Zot
 79854 | Vaults:5 | Found Twoapp's Jewellery Shoppe.
 79867 | Vaults:5 | Bought an uncursed amulet of resist mutation for 680 gold pieces
 80112 | Vaults:5 | Lost mutation: Your body is slowly deteriorating. [potion of cure mutation]
 80112 | Vaults:5 | Lost mutation: You are clumsy. (Dex -2) [potion of cure mutation]
 80112 | Vaults:5 | Lost mutation: You occasionally shout uncontrollably at your foes. [potion of cure mutation]
 80112 | Vaults:5 | Lost mutation: You are frail (-10% HP). [potion of cure mutation]
 80368 | Vaults:5 | Got a crystal hand axe
 80369 | Vaults:5 | Identified the +0 hand axe of Womeneo {antimagic, +Inv} (You found it on level 5 of the Vaults)
 81125 | Zot:1    | Entered Level 1 of the Realm of Zot
 81762 | Zot:1    | Identified Alistair's Grimoire of Poison
 82135 | Zot:2    | Found a shattered altar of Ashenzari.
 82442 | Zot:2    | Found a white marble altar of Elyvilon.
 82449 | Zot:2    | Found a glowing golden altar of the Shining One.
 82785 | Zot:2    | Noticed an ancient lich
 82811 | Zot:2    | Killed an ancient lich
 83088 | Zot:2    | Reached skill level 24 in Invocations
 86504 | Zot:5    | Entered Level 5 of the Realm of Zot
 86521 | Zot:5    | Got a dazzling quarterstaff
 86524 | Zot:5    | Identified the +6 quarterstaff "Hydraslayer" {speed, +Blink SInv Stlth+} (You found it on level 5 of the Realm of Zot)
 86591 | Zot:5    | Noticed an ancient lich
 86626 | Zot:5    | Noticed an ancient lich
 86632 | Zot:5    | Killed an ancient lich
 86647 | Zot:5    | Killed an ancient lich
 86681 | Zot:5    | Noticed an ancient lich
 86705 | Zot:5    | Killed an ancient lich
 86809 | Zot:5    | Noticed an ancient lich
 86819 | Zot:5    | Killed an ancient lich
 86869 | Zot:5    | Noticed an orb of fire
 86894 | Zot:5    | Killed an orb of fire
 86902 | Zot:5    | Noticed an ancient lich
 86919 | Zot:5    | Killed an ancient lich
 87000 | Zot:5    | Noticed an ancient lich
 87002 | Zot:5    | Noticed an ancient lich
 87014 | Zot:5    | Killed an ancient lich
 87024 | Zot:5    | Killed an ancient lich
 87211 | Zot:5    | Noticed an orb of fire
 87229 | Zot:5    | Killed an orb of fire
 87275 | Zot:5    | Noticed an ancient lich
 87289 | Zot:5    | Killed an ancient lich
 87289 | Zot:5    | Reached skill level 25 in Invocations
 87785 | Zot:5    | Noticed an orb of fire
 87791 | Zot:5    | Noticed an orb of fire
 87804 | Zot:5    | Gained mutation: You are weak. (Str -2) [an orb of fire]
 87817 | Zot:5    | Killed an orb of fire
 87824 | Zot:5    | Gained mutation: Scrolls take you longer to read. [an orb of fire]
 87833 | Zot:5    | Killed an orb of fire
 89190 | Zot:5    | Got the Orb of Zot
 89322 | Zot:1    | Noticed Osuogubu the pandemonium lord
 89554 | D:14     | Noticed Bojok the pandemonium lord
 89560 | D:14     | Killed Bojok the pandemonium lord
 89682 | D:10     | Lost mutation: You are somewhat resistant to further mutation. [potion of cure mutation]
 89682 | D:10     | Lost mutation: You expend magic power (3 MP) to slightly strengthen your wands. [potion of cure mutation]
 89682 | D:10     | Lost mutation: Potions and wands are less effective at restoring your health. [potion of cure mutation]
 89782 | D:9      | Noticed Ghosm the pandemonium lord
 89847 | D:7      | Noticed Ychib the pandemonium lord
 89867 | D:7      | Killed Ychib the pandemonium lord
 89878 | D:7      | Gained mutation: Your mind is acute. (Int +2) [a cacodemon]
 89964 | D:6      | Noticed Luyhut the pandemonium lord
 89991 | D:6      | Noticed Jiobb the pandemonium lord
 90005 | D:6      | Killed Jiobb the pandemonium lord
 90228 | D:$      | Escaped with the Orb!

Action                   |  1- 3 |  4- 6 |  7- 9 | 10-12 | 13-15 | 16-18 | 19-21 | 22-24 | 25-27 || total
-------------------------+-------+-------+-------+-------+-------+-------+-------+-------+-------++-------
Melee: Unarmed           |   171 |     1 |       |       |       |       |       |       |       ||   172
       Spear             |       |   196 |       |       |       |       |       |       |       ||   196
       Trident           |       |    87 |   490 |   468 |       |       |       |       |       ||  1045
       Battleaxe         |       |       |   163 |   483 |       |       |       |       |       ||   646
       Broad axe         |       |       |       |   131 |  1809 |  1834 |  2054 |   856 |  5300 || 11984
 Cast: Blink             |       |       |       |       |       |       |       |     2 |       ||     2
       Statue Form       |       |       |       |       |       |       |       |       |    49 ||    49
Invok: Disaster Area     |       |       |       |     1 |       |       |     3 |     3 |    13 ||    20
       Upheaval          |       |       |       |     6 |       |     2 |     3 |     6 |     4 ||    21
       Elemental Force   |       |       |       |     1 |       |     1 |       |     1 |       ||     3
 Abil: Breathe Noxious F |       |       |     9 |    12 |     2 |     1 |       |       |     1 ||    25
       Blink             |       |       |       |       |       |     1 |       |       |       ||     1
       Stop Flying       |       |       |       |       |       |       |     1 |       |       ||     1
       Evoke Invisibilit |       |       |       |       |       |       |     1 |       |       ||     1
       End Transformatio |       |       |       |       |       |       |       |       |    10 ||    10
Evoke: Wand              |       |       |     1 |     9 |     5 |     5 |     3 |    20 |    16 ||    59
       Fan of gales      |       |       |       |       |       |       |       |     2 |       ||     2
       Stone of tremors  |       |       |       |       |       |       |       |     2 |       ||     2
  Use: Scroll            |     3 |     2 |    11 |    12 |    19 |    32 |    16 |    13 |    29 ||   137
       Potion            |     3 |     5 |     8 |     6 |     5 |    12 |     1 |    22 |    17 ||    79
 Stab: Sleeping          |     1 |       |     1 |       |       |       |       |       |       ||     2
       Confused          |       |       |     7 |     9 |     1 |     1 |       |       |     2 ||    20
       Distracted        |       |       |     1 |       |       |     1 |       |       |     1 ||     3
       Invisible         |       |       |     2 |       |       |       |    15 |     1 |     6 ||    24
  Eat: Chunk             |     3 |     9 |    21 |    36 |    37 |    29 |    25 |     1 |    26 ||   187
       Meat ration       |       |       |       |     1 |     3 |     2 |     3 |     3 |     9 ||    21
       Royal jelly       |       |       |       |     1 |       |     1 |     3 |     8 |     5 ||    18
       Bread ration      |       |       |       |       |     1 |     5 |     3 |     1 |     4 ||    14
       Beef jerky        |       |       |       |       |       |     2 |     2 |     1 |     6 ||    11
       Fruit             |       |       |       |       |       |       |     1 |     1 |    10 ||    12
       Pizza             |       |       |       |       |       |       |     1 |       |     2 ||     3
